 Dungeon Crawl Stone Soup version 0.28-a0-1429-gf3d713df7a (webtiles) character file.

Game seed: 1278585411230040828

23 innerfire433 the Covered (level 2, -7/22 HPs)
             Began as a Demonspawn Wanderer on Jan 8, 2022.
             Was a Follower of Kikubaaqudgha.
             Mangled by a worm (8 damage)
             ... on level 2 of the Dungeon.
             The game lasted 00:02:36 (1383 turns).

innerfire433 the Covered (Demonspawn Wanderer)      Turns: 1383, Time: 00:02:37

Health: -7/22      AC:  9    Str: 13    XL:     2   Next: 75%
Magic:  3/3        EV:  6    Int: 10    God:    Kikubaaqudgha [*.....]
Gold:   59         SH:  0    Dex: 16    Spells: 2/3 levels left

rFire   . . .      SeeInvis .   a - +0 dagger
rCold   . . .      Faith    .   (no shield)
rNeg    . . .      Spirit   .   c - +0 chain mail
rPois   .          Reflect  .   (no helmet)
rElec   .          Harm     .   (no cloak)
rCorr   .          Rampage  .   (no gloves)
Will    .....      Rage     1%  (no boots)
Stlth   ..........              (no amulet)
HPRegen 0.07/turn               (no ring)
MPRegen 0.08/turn               (no ring)

@: no status effects
A: foul stench 1, berserk 1, strong 1
a: Renounce Religion, Receive Corpses


You were on level 2 of the Dungeon.
You worshipped Kikubaaqudgha.
Kikubaaqudgha was aware of your devotion.
You visited 1 branch of the dungeon, and saw 2 of its levels.

You collected 139 gold pieces.
You spent 80 gold pieces at shops.

Inventory:

Hand Weapons
 a - a +0 dagger (weapon)
Armour
 c - a +0 chain mail (worn)
Scrolls
 e - a scroll of teleportation {unknown}
 f - a scroll of enchant weapon {unknown}
Potions
 b - a potion of lignification
 d - a potion of curing {unknown}


   Skills:
 + Level 2.1 Fighting
 + Level 1.3 Short Blades
 + Level 4.8 Armour
 + Level 1.0 Spellcasting
 + Level 1.0 Translocations
 + Level 1.0 Evocations


You had 2 spell levels left.
You knew the following spells:

 Your Spells              Type           Power      Damage    Failure   Level
a - Apportation           Tloc           4%         N/A       99%         1

Your spell library contained the following spells:

 Spells                   Type           Power      Damage    Failure   Level
 Animate Skeleton         Necr           0%         N/A       100%        1
 Pain                     Necr           0%         1d4       100%        1
 Sublimation of Blood     Necr           0%         N/A       100%        2
 Teleport Other           Tloc           2%         N/A       100%        3
 Vampiric Draining        Necr           0%         2d6       100%        3


Dungeon Overview and Level Annotations

Branches:
Dungeon (2/15)

Altars:
Kikubaaqudgha

Shops:
D:1 !???


Innate Abilities, Weirdness & Mutations

You may rarely emit foul miasma when damaged in melee.
You tend to lose your temper in combat.
Your muscles are strong. (Str +2)


Message History

You hit the worm.
The worm is lightly wounded.
The worm bites you but does no damage.
You hit the worm.
The worm is lightly wounded.
The worm bites you but does no damage.
You hit the worm but do no damage.
The worm is lightly wounded.
You barely miss the worm.
The worm is lightly wounded.
The worm bites you!
You barely miss the worm. You barely miss the worm.
The worm bites you but does no damage.
You barely miss the worm. You hit the worm.
The worm is lightly wounded.
The worm bites you!
* * * LOW HITPOINT WARNING * * *
You hit the worm.
The worm is lightly wounded.
The worm closely misses you.
You hit the worm.
The worm is lightly wounded.
You hit the worm but do no damage.
The worm is lightly wounded.
The worm bites you.
* * * LOW HITPOINT WARNING * * *
You hit the worm but do no damage.
The worm is lightly wounded.
You hit the worm.
The worm is lightly wounded.
The worm bites you.
* * * LOW HITPOINT WARNING * * *
You barely miss the worm.
The worm is lightly wounded.
You hit the worm.
The worm is moderately wounded.
The worm bites you!
You die...
Kikubaaqudgha rasps: "You have failed me!
Welcome... death!"

##########
#.@w......
###.########
#............#
#.#.###.......
#.#.# #.###..#
#.#.###.# #..#
#.......###..#
#......#.##..#
#..##.###.#..#


You could see a worm.

Vanquished Creatures
  An adder (D:2)
  2 endoplasms
  A giant cockroach (D:2)
  2 goblins (D:1)
  2 hobgoblins (D:1)
  A kobold (D:1)
  2 ball pythons
  2 frilled lizards (D:1)
  A rat (D:1)
14 creatures vanquished.

Notes
Turn   | Place    | Note
-------+----------+-------------------------------------------
     0 | D:1      | innerfire433 the Demonspawn Wanderer began the quest for
                  | the Orb.
     0 | D:1      | innerfire433 set off with the following items: a +0 dagger,
                  | a potion of lignification, a +0 chain mail; and the
                  | following spell memorised: Apportation; and the following
                  | spells available to memorise: Teleport Other
     0 | D:1      | Reached XP level 1. HP: 16/16 MP: 2/2
   338 | D:1      | Found Ymoyc's Magic Scroll Shoppe.
   371 | D:1      | Gained mutation: You may rarely emit foul miasma when
                  | damaged in melee. [demonic ancestry]
   371 | D:1      | Reached XP level 2. HP: 3/22 MP: 3/3
   760 | D:1      | Found Sixt's Magic Scroll Shoppe.
   806 | D:1      | Found Poykoal's Distillery.
   831 | D:1      | Bought a potion of mutation for 80 gold pieces
   831 | D:1      | Gained mutation: You tend to lose your temper in combat.
                  | [potion of mutation]
   831 | D:1      | Gained mutation: Your muscles are strong. (Str +2) [potion
                  | of mutation]
   909 | D:1      | Found Kucoto's Magic Scroll Boutique.
   913 | D:1      | Found a faded altar of an unknown god.
   926 | D:1      | Prayed at the altar of an unknown god.
   926 | D:1      | Became a worshipper of Kikubaaqudgha
   926 | D:1      | Reached * piety under Kikubaaqudgha
   926 | D:1      | Received a gift from Kikubaaqudgha
  1060 | D:1      | Found Riuratru's Antique Armour Emporium.
  1115 | D:2      | Reached skill level 1 in Short Blades
  1381 | D:2      | HP: 1/22 [worm (2)]
  1383 | D:2      | Mangled by a worm

Illustrated notes

Levels and vault maps discovered:
D:1:      dpeg_arrival_rooms_c, layout_rooms,
          ebering_ecumenical_altar_sacrificial, serial_shops, shop_statue, shop,
          shop, shop_coins, nicolae_shop_advertising_works
          [nicolae_subvault_shop_adworks]
D:2:      layout_loops_ring, lemuel_old_faithful

Skill      XL: |  1  2 |
---------------+-------+-----
Short Blades   | 1 |  1.3
Fighting       | |  2.1
Armour         | |  4.8
Spellcasting   | |  1.0
Translocations | |  1.0
Evocations     | |  1.0

Action                   || total
-------------------------++-------
Melee: Dagger            ||    97
       Punch             ||     1
  Use: Potion            ||     1
Armor: Chain mail        ||    48
Dodge: Dodged            ||    32

Table legend: (Time is in decaauts)
 A = Elapsed time spent in this place.
 B = Non-inter-level travel time spent in this place.
 C = Inter-level travel time spent in this place.
 D = Time resting spent in this place.
 E = Time spent auto-exploring this place.
 F = Levels seen in this place.
 G = Mean time per level.
                   A        B        C        D        E       F      G
               +--------+--------+--------+--------+--------+-----+--------+
         Total |   1380 |   1380 |      0 |      0 |   1152 |   2 |  690.0 |
       Dungeon |   1380 |   1380 |      0 |      0 |   1152 |   2 |  690.0 |
               +--------+--------+--------+--------+--------+-----+--------+

Top non-repeatable levels by time:
     D:1: 1095 daAuts
     D:2: 285 daAuts
